 Dungeon Crawl Stone Soup version 0.30-a0-1082-g70414cbcbb (webtiles) character file.

Game seed: 1392561818423865445

70 ryw the Cudgeller (level 4, -1/35 HPs)
             Began as a Mummy Fighter on Apr 16, 2023.
             Slain by a cerulean imp
             ... wielding a +1 spear
             ... summoned by Natasha
              (3 damage)
             ... on level 2 of the Dungeon.
             The game lasted 00:03:05 (2368 turns).

ryw the Cudgeller (Mummy Fighter)                   Turns: 2368, Time: 00:03:06

Health: -1/35      AC:  6    Str: 21    XL:     4   Next: 3%
Magic:  4/4        EV:  9    Int:  7    God:
Gold:   95         SH:  4    Dex: 11    Spells: 3/3 levels left

rFire   x . .      SeeInvis .    a - +0 flail
rCold   + . .      Faith    +    c - +0 buckler
rNeg    + + +      Spirit   .    b - +0 scale mail
rPois   ∞          Reflect  .    (no helmet)
rElec   .          Rampage  .    (no cloak)
rCorr   .                        (no gloves)
Will    .....                    (no boots) Stlth
                                 (no amulet)
HPRegen 0.25/turn                (no ring)
MPRegen 0.09/turn                (no ring)

@: no status effects
A: cold resistance 1, negative energy resistance 3, torment resistance 2, heat
vulnerability 1, in touch with death 1, no potions, faith
a: no special abilities


You were on level 2 of the Dungeon.
You visited 1 branch of the dungeon, and saw 3 of its levels.

You collected 95 gold pieces.

Inventory:

Hand Weapons
 a - a +0 flail (weapon)
Missiles
 h - 3 poisoned darts (quivered)
Armour
 b - a +0 scale mail (worn)
 c - a +0 buckler (worn)
Scrolls
 e - a scroll of amnesia {unknown}
 f - 2 scrolls of teleportation {unknown}
 g - 5 scrolls of identify {unknown}
 i - a scroll of enchant armour {unknown}
 j - a scroll of vulnerability {unknown}


   Skills:
 - Level 3.0 Fighting
 + Level 3.6 Maces & Flails
 - Level 2.4 Armour
 - Level 2.4 Shields


You had 3 spell levels left.
You didn't know any spells.
Your spell library contained the following spells:

 Spells                   Type           Power      Damage    Failure   Level
 Gell's Gravitas          Tloc           0%         N/A       99%         3
 Teleport Other           Tloc           0%         N/A       99%         3
 Petrify                  Tmut/Erth      0%         N/A       100%        4
 Metabolic Englaciation   Hex/Ice        0%         N/A       100%        5
 Dispersal                Tloc           0%         N/A       100%        6
 Statue Form              Tmut/Erth      Unusable   N/A       N/A         6

Dungeon Overview and Level Annotations

Branches:
Dungeon (3/15)

Altars:

Shops:
D:3 [

Annotations:
D:2 Natasha


Innate Abilities, Weirdness & Mutations

You are immune to poison.
Your flesh is cold resistant. (rC+)
You are immune to negative energy. (rN+++)
You are immune to unholy pain and torment.
You are vulnerable to heat. (rF-)
You are in touch with the powers of death.
You do not drink.
You have a special connection with the divine. (Faith)


Message History

You climb upwards.
The cerulean imp disappears in a puff of smoke!
There is a stone staircase leading down here.
You barely miss Natasha.
Natasha mumbles some strange words.
You feel disoriented.
Natasha zaps a wand.
The puff of flame hits you. The fire burns you terribly!
You closely miss Natasha. Natasha claws you but does no damage.
You closely miss Natasha. Natasha casts a spell at you.
The magic dart hits you but does no damage.
Natasha wildly gestures.
Natasha shimmers violently.
Natasha casts a spell.
You barely miss Natasha.
Natasha zaps a wand.
The puff of flame hits you! The fire burns you terribly!
The cerulean imp hits you but does no damage.
You closely miss Natasha. Natasha claws you but does no damage.
The cerulean imp hits you with a +2 spear.
You closely miss Natasha.
Natasha zaps a wand.
The puff of flame hits you. The fire burns you terribly!
The cerulean imp completely misses you.
You barely miss Natasha. Natasha claws you but does no damage.
The cerulean imp hits you but does no damage.
Natasha casts a spell.
The cerulean imp barely misses you.
You closely miss Natasha.
Natasha zaps a wand.
The puff of flame hits you! The fire burns you terribly!
* * * LOW HITPOINT WARNING * * *
The cerulean imp hits you but does no damage.
The cerulean imp barely misses you.
You closely miss Natasha. You block Natasha's attack.
The cerulean imp hits you with a +2 spear.
* * * LOW HITPOINT WARNING * * *
The cerulean imp hits you from afar with a +1 spear.
* * * LOW HITPOINT WARNING * * *
As you read the scroll labelled PON ZU LULU, it crumbles to dust.
The scroll dissolves into smoke.
It was a scroll of fog.
Natasha barely misses you. You block the cerulean imp's attack.
The cerulean imp hits you from afar with a +1 spear.
You die...

#.##..# #.# #.##.<........#
#.....# #.#####.###..[...####
####.######........##.##.#.....
#)##...###..###.##.##.#.##.#
######.#.....##..###.##.##......#
.............##..#......####>####
#######......##.......#.####.####
#.#......§h§...............
#.######5§@§....#.#.####### #...#
#..5§§......#.### ###.#
##........#.....# #.#
##...##.####.#.# ##.##
###.###......#.###
##...###.....######.....#
#.....##.....###.##.....#
#.<...##.....##......<..#
#.....##.....###.##.....#


You could see Natasha and 2 cerulean imps.

Vanquished Creatures
  An adder (D:3)
  2 worms (D:2)
  3 dart slugs
  An orc (D:3)
  8 endoplasms
  2 giant cockroaches (D:2)
  7 goblins
  2 hobgoblins
  2 quokkas
  4 ball pythons
  6 bats
  3 kobolds
  6 rats
47 creatures vanquished.

Notes
Turn   | Place    | Note
-------+----------+-------------------------------------------
     0 | D:1      | ryw the Mummy Fighter began the quest for the Orb.
     0 | D:1      | Reached XP level 1. HP: 18/18 MP: 1/1
   418 | D:1      | Reached XP level 2. HP: 24/24 MP: 2/2
  1387 | D:2      | Gained mutation: You are in touch with the powers of death.
                  | [Mummy growth]
  1387 | D:2      | Reached XP level 3. HP: 29/29 MP: 3/3
  1660 | D:2      | Found a faded altar of an unknown god.
  1982 | D:3      | Found Wuos's Antique Armour Boutique.
  2180 | D:3      | Reached XP level 4. HP: 34/35 MP: 4/4
  2195 | D:3      | Noticed Natasha
  2220 | D:3      | HP: 1/35 [Natasha/puff of flame (9)]
  2368 | D:2      | Slain by a cerulean imp

Illustrated notes

Levels and vault maps discovered:
D:1:      lightli_arrival_chessboard, layout_loops_corners,
          roderic_roman_lattice, chequers_serial_rivers_room_a
D:2:      layout_loops_cross, chequers_ecumenical_altar_simple,
          minmay_surrounded
D:3:      layout_loops_cross, serial_shops, nicolae_shop_advertising_works
          [nicolae_subvault_shop_adworks], uniq_natasha

Skill      XL: |  1  2  3 |
---------------+----------+-----
Maces & Flails | 2 3 |  3.6
Fighting       | |  3.0
Armour         | |  2.4
Shields        | |  2.4

Action                     |  1- 3 |  4- 6 || total
---------------------------+-------+-------++-------
  Melee: Flail             |   126 |    12 ||   138
    Use: Scroll            |       |     1 ||     1
 Armour: Scale mail        |    51 |    14 ||    65
  Dodge: Dodged            |    46 |     7 ||    53
  Block: Buckler           |    20 |     3 ||    23

Table legend: (Time is in decaauts)
 A = Elapsed time spent in this place.
 B = Non-inter-level travel time spent in this place.
 C = Inter-level travel time spent in this place.
 D = Time resting spent in this place.
 E = Time spent auto-exploring this place.
 F = Levels seen in this place.
 G = Mean time per level.
                   A        B        C        D        E       F      G
               +--------+--------+--------+--------+--------+-----+--------+
         Total |   2411 |   2250 |    161 |    154 |   1685 |   3 |  803.7 |
       Dungeon |   2411 |   2250 |    161 |    154 |   1685 |   3 |  803.7 |
               +--------+--------+--------+--------+--------+-----+--------+

Top non-repeatable levels by time:
     D:1: 1240 daAuts
     D:2: 843 daAuts
     D:3: 326 daAuts
